 Dungeon Sprint DCSS version 0.18.1-47-g9310371 (webtiles) character file.

128 rftp080 the Skirmisher (level 5, 0/51 HPs)
             Began as a Ghoul Fighter on June 20, 2016.
             Was an Initiate of Makhleb.
             Slain by an orc warrior
             ... wielding a +0 war axe
              (14 damage)
             ... in the Dungeon (Sprint IX: "|||||||||||||||||||||||||||||").
             The game lasted 00:01:56 (191 turns).

rftp080 the Skirmisher (Ghoul Fighter)               Turns: 191, Time: 00:01:56

Health: 0/51       AC: 13    Str: 20    XL:     5   Next: 12%
Magic:  4/4        EV:  4    Int:  6    God:    Makhleb [......]
Gold:   0          SH: 10    Dex: 12    Spells: 0 memorised, 4 levels left

rFire  . . .     SeeInvis .       - Unarmed
rCold  + . .     Gourm    .     s - +0 plate armour
rNeg   + + +     Faith    .     b - +0 shield
rPois  ∞         Spirit   .     (no helmet)
rElec  .         Dismiss  .     (no cloak)
rCorr  .         Reflect  .     p - +0 pair of gloves
SustAt .         Harm     .     (no boots)
MR     .....     NoTele   +     (no amulet)
Stlth  ..........               u - +3 ring of dexterity
                                t - +3 ring of intelligence

@: very slightly contaminated, rotting, invisible, not resistant to hostile
enchantments, extremely unstealthy
A: rotting body, claws 1, carnivore 3, cold resistance 1, negative energy
resistance 3, slow regeneration 1, torment resistance, unbreathing
a: Renounce Religion


You were in the Dungeon.
You worshipped Makhleb.
Makhleb was noncommittal.
You were not hungry.

You visited 1 branch

Inventory:

Hand Weapons
 q - a +4 quarterstaff of speed
 r - a +2 scimitar of flaming
Armour
 a - a +0 scale mail
 b - a +0 shield (worn)
 c - a +0 ring mail of magic resistance
 p - a +0 pair of gloves (worn)
 s - a +0 plate armour (worn)
Magical Staves
 o - an uncursed staff of energy
Jewellery
 t - a +3 ring of intelligence (left hand)
 u - a +3 ring of dexterity (right hand)
Wands
 n - a wand of iceblast (7/15)
Scrolls
 j - 2 scrolls of blinking
 l - 3 scrolls of remove curse
 m - 2 scrolls of amnesia
Potions
 g - 2 potions of curing
 h - 4 potions of magic
 i - a potion of berserk rage
Comestibles
 d - a meat ration
 k - 3 chunks of flesh


   Skills:
 - Level 6.4 Fighting
 - Level 5.7 Armour
 - Level 1.0 Dodging
 - Level 4.8 Shields
 * Level 4.8 Unarmed Combat


You had 4 spell levels left.
You didn't know any spells.

Dungeon Overview and Level Annotations

Branches:
Dungeon (1/1)

Altars:
Cheibriados
Dithmenos
Elyvilon
Fedhas
Gozag
Kikubaaqudgha
Makhleb
Nemelex Xobeh
Okawaru
Pakellas
Qazlal
Ru
Sif Muna
Trog
Vehumet
Xom
Yredelemnul
Zin
The Shining One
Beogh
Jiyva
Lugonu


Innate Abilities, Weirdness & Mutations

Your body is rotting away.
You thrive on raw meat.
You are immune to poison.
You have sharp fingernails.
You are carnivorous and can eat meat at any time.
Your flesh is cold resistant.
You are immune to negative energy.
You regenerate slowly when monsters are visible.
You are immune to unholy pain and torment.
You can survive without breathing.


Message History

You barely miss the orc warrior.
The orc warrior is severely wounded.
The orc warrior hits you with a war axe.
You hit the orc warrior.
The orc warrior is severely wounded.
Your shield and plate armour prevent you from hitting the orc warrior.
The orc warrior is severely wounded.
The orc warrior hits you with a war axe!
* * * LOW HITPOINT WARNING * * *
The orc priest calls down the wrath of Beogh upon you.
The two-headed ogre convulses in agony!
The two-headed ogre shouts in stereo!
Your shield and plate armour prevent you from hitting the orc warrior.
The orc warrior is severely wounded.
You block the orc warrior's attack.
You catch the helpless orc warrior completely off-guard!
You hit the orc warrior but do no damage.
The orc warrior is severely wounded.
The orc warrior hits you with a war axe!
You die...

▓.▓
▓.▓
▓c▓
▓r▓
▓o▓
▓O▓
▓o▓
▓@▓
▓.▓
▓.▓
▓[▓
▓.▓
▓)▓
▓.▓
▓.▓
▓.▓


You could see a two-headed ogre, an orc warrior, a centaur, an orc priest and a
quokka (wandering).

Vanquished Creatures
  A howler monkey (D)
  A hound (D)
  An orc priest (D)
  An iguana (D)
  2 hobgoblins (D)
  A quokka (D)
  2 giant newts (D)
  2 goblins (D)
11 creatures vanquished.

Notes
Turn   | Place    | Note
--------------------------------------------------------------
     0 | D        | rftp080 the Ghoul Fighter began the quest for the Orb.
     0 | D        | Reached XP level 1. HP: 19/19 MP: 0/0
    20 | D        | Reached skill level 4 in Fighting
    38 | D        | Noticed an orc priest
    38 | D        | Noticed a hound
    38 | D        | Noticed an iguana
    58 | D        | Killed an iguana
    58 | D        | Reached skill level 5 in Fighting
    58 | D        | Reached XP level 2. HP: 20/29 MP: 1/1
    58 | D        | Reached XP level 3. HP: 25/36 MP: 2/2
    63 | D        | Reached XP level 4. HP: 29/42 MP: 3/3
    65 | D        | Reached skill level 5 in Armour
    73 | D        | Reached skill level 6 in Fighting
    73 | D        | Reached skill level 1 in Dodging
    89 | D        | Found a glowing silver altar of Zin.
    89 | D        | Found a glowing golden altar of the Shining One.
    89 | D        | Found an ancient bone altar of Kikubaaqudgha.
    89 | D        | Found a basalt altar of Yredelemnul.
    89 | D        | Found a shimmering altar of Xom.
    89 | D        | Found a radiant altar of Vehumet.
    90 | D        | Found an iron altar of Okawaru.
    91 | D        | Found a burning altar of Makhleb.
    92 | D        | Found a deep blue altar of Sif Muna.
    93 | D        | Found a bloodstained altar of Trog.
    94 | D        | Found a sparkling altar of Nemelex Xobeh.
    95 | D        | Found a white marble altar of Elyvilon.
    96 | D        | Found a roughly hewn altar of Beogh.
    97 | D        | Found a viscous altar of Jiyva.
    98 | D        | Found a corrupted altar of Lugonu.
    99 | D        | Became a worshipper of Makhleb the Destroyer
   100 | D        | Found a blossoming altar of Fedhas.
   101 | D        | Found a snail-covered altar of Cheibriados.
   102 | D        | Found a shadowy altar of Dithmenos.
   103 | D        | Found a stormy altar of Qazlal.
   104 | D        | Found an opulent altar of Gozag.
   105 | D        | Found a sacrificial altar of Ru.
   106 | D        | Found an oddly glowing altar of Pakellas.
   154 | D        | Noticed a centaur
   154 | D        | Noticed a two-headed ogre
   154 | D        | Noticed an orc warrior
   174 | D        | Reached XP level 5. HP: 16/51 MP: 4/4
   191 | D        | Slain by an orc warrior

Skill      XL: |  1  2  3  4 |
---------------+-------------+-----
Armour         | 4 5 |  5.7
Shields        | 3 4 |  4.8
Fighting       | 5 6 |  6.4
Unarmed Combat | 3 4 |  4.8
Dodging        | 1 |  1.0

Action                   |  1- 3 |  4- 6 || total
-------------------------+-------+-------++-------
Melee: Unarmed           |    40 |    40 ||    80
  Use: Potion            |     4 |     5 ||     9
 Stab: Invisible         |       |     5 ||     5
  Eat: Chunk             |     2 |     2 ||     4
Armor: Scale mail        |     3 |       ||     3
       Plate armour      |       |    21 ||    21
Dodge: Dodged            |     5 |     8 ||    13
Block: Shield            |    16 |    16 ||    32
